 Dungeon Crawl Stone Soup version 0.27-a0-1136-g0b992a5a9d (webtiles) character file.

Game seed: 389191739220919860

98 Zeld the Shield-Bearer (level 4, 0/46 HPs)
             Began as an Octopode Fighter on May 4, 2021.
             Slain by an adder (1 damage)
             ... on level 3 of the Dungeon.
             The game lasted 00:03:45 (2091 turns).

Zeld the Shield-Bearer (Octopode Fighter)           Turns: 2091, Time: 00:03:45

Health: 0/46       AC:  1    Str: 16    XL:     4   Next: 69%
Magic:  4/4        EV: 13    Int: 10    God:
Gold:   102        SH:  6    Dex: 11    Spells: 3/3 levels left

rFire    . . .     SeeInvis .   a - +0 war axe
rCold    . . .     Faith    .   n - +2 buckler
rNeg     . . .     Spirit   .   (helmet restricted)
rPois    .         Reflect  .   (no amulet)
rElec    .         Harm     .   (no ring)
rCorr    .         Rampage  .   (no ring)
Will     .....                  (no ring)
Stlth    ..........             (no ring)
HPRegen  0.15/turn              (no ring)
MPRegen  0.09/turn              (no ring)
                                (no ring)
                                (no ring)

@: berserking, very quick
A: almost no armour, amphibious, 8 rings, camouflage 1, gelatinous body 1,
(nimble swimmer 1), tentacles
a: no special abilities


You were on level 3 of the Dungeon.
You visited 1 branch of the dungeon, and saw 3 of its levels.

You collected 121 gold pieces.
You spent 19 gold pieces at shops.

Inventory:

Hand Weapons
 a - a +0 war axe (weapon)
Missiles
 l - 24 poisoned darts (quivered)
Armour
 n - a +2 buckler (worn)
 s - a +0 kite shield
Scrolls
 b - a scroll of brand weapon {unknown}
 d - 2 scrolls of magic mapping {unknown}
 g - 2 scrolls of enchant armour {unknown}
 j - 6 scrolls of identify {unknown}
 k - a scroll of amnesia {unknown}
 m - a scroll of blinking {unknown}
 o - a scroll of vulnerability {unknown}
 r - a scroll of immolation {unknown}
 t - a scroll of noise {unknown}
Potions
 c - a potion of might
 e - a potion of ambrosia {unknown}
 f - a potion of berserk rage
 h - a potion of brilliance {unknown}
 i - a potion of degeneration {unknown}
 p - a potion of attraction {unknown}
 q - a potion of flight {unknown}


   Skills:
 - Level 3.3 Fighting
 - Level 2.5 Axes
 * Level 2.6 Throwing
 - Level 3.0 Dodging
 * Level 3.7 Shields


You had 3 spell levels left.
You didn't know any spells.
Your spell library was empty.

Dungeon Overview and Level Annotations

Branches:
Dungeon (3/15)

Altars:
Dithmenos
The Shining One

Shops:
D:1 *:


Innate Abilities, Weirdness & Mutations

You cannot wear most types of armour.
You are amphibious.
You can wear up to eight rings at the same time.
Your skin changes colour to match your surroundings (Stealth+).
Your rubbery body absorbs attacks. (AC +1, EV +1)
((You are camouflaged near water. (Stealth+)))
You have tentacles for arms and can constrict up to eight enemies at once.


Message History

You kill the orc!
The endoplasm hits you. You block the adder's attack.
Unknown command.
Unknown command.
You hit the endoplasm.
The endoplasm is almost dead.
You barely miss the adder. You block the adder's attack.
The endoplasm hits you. The adder barely misses you.
The endoplasm completely misses you.
Unknown command.
Unknown command.
You hit the endoplasm.
You kill the endoplasm!
You completely miss the adder. You block the adder's attack.
The adder barely misses you.
You closely miss the orc. Your grab misses the orc.
Your squeeze misses the orc. You completely miss the adder.
You block the adder's attack. The orc hits you with a +0 hand axe.
Unknown command.
You are too injured to fight recklessly!
You are too injured to fight recklessly!
Unknown command.
You barely miss the orc. You grab the orc. You closely miss the adder.
You constrict the orc. The adder misses you. The orc misses you.
The adder misses you. The orc hits you with a +0 hand axe!
* * * LOW HITPOINT WARNING * * *
Unknown command.
You hit the orc. You squeeze the orc.
You kill the orc!
You barely miss the adder. The adder bites you.
* * * LOW HITPOINT WARNING * * *
The adder closely misses you.
Unknown command.
It was a potion of berserk rage.
A red film seems to cover your vision as you go berserk!
You feel yourself moving faster!
You feel mighty! The adder bites you.
* * * LOW HITPOINT WARNING * * *
You closely miss the adder. Your grab misses the adder.
Your squeeze misses the adder. The adder bites you.
You die...

#.##.##.#.##..####
##.##.##..........#
..##...#..##..##..
#
#.##.##.#.##..####
#.
#.##......##......
..
#.......####.#####
##.#.##.####### #.#
#>....).# ##.##
#.##.##@# #...# #
#S# #...# #


gK# #...# ## .... #.).# #. ....# ######...###. .###.#.##............ ..
..........)....... .. .....#............ ######...###. You could see an adder, a
goblin and a kobold.

Vanquished Creatures
  3 adders
  A shadow imp (D:2)
  4 worms
  2 dart slugs
  2 orcs (D:3)
  2 ball pythons
  3 endoplasms
  A goblin (D:1)
  3 hobgoblins (D:1)
  3 jackals (D:1)
  3 kobolds
  A quokka (D:3)
  8 bats
  3 frilled lizards
  8 rats
47 creatures vanquished.

Notes
Turn   | Place    | Note
-------+----------+-------------------------------------------
     0 | D:1      | Zeld the Octopode Fighter began the quest for the Orb.
     0 | D:1      | Reached XP level 1. HP: 16/16 MP: 1/1
    71 | D:1      | Found Juciq's Assorted Antiques.
    86 | D:1      | Bought a bubbling yellow potion for 19 gold pieces
   128 | D:1      | Reached XP level 2. HP: 16/21 MP: 2/2
   444 | D:1      | Found Xuqyti Zeffa's Book Boutique.
   456 | D:1      | Reached XP level 3. HP: 23/26 MP: 3/3
   791 | D:2      | Reached skill level 1 in Throwing
   984 | D:2      | Found a faded altar of an unknown god.
  1391 | D:2      | Reached XP level 4. HP: 31/31 MP: 4/4
  1673 | D:3      | Found a shadowy altar of Dithmenos.
  1776 | D:3      | Found a glowing golden altar of the Shining One.
  2090 | D:3      | HP: 1/46 [adder (3)]
  2091 | D:3      | Slain by an adder

Illustrated notes

Levels and vault maps discovered:
D:1:      amcnicky_arrival_wind_blow, layout_rooms, serial_shops, shop,
          nicolae_shop_behind_doors
D:2:      layout_basic, shapermc_ecumenical_altar_flowoftime
D:3:      layout_loops_cross, amcnicky_altar_gilded, general_overflow_altar,
          lemuel_round_altar

Skill      XL: |  1  2  3 |
---------------+----------+-----
Throwing       | 2 |  2.6
Fighting       | |  3.3
Axes           | |  2.5
Dodging        | |  3.0
Shields        | |  3.7

Action                   |  1- 3 |  4- 6 || total
-------------------------+-------+-------++-------
Melee: War axe           |    49 |    33 ||    82
       Constrict         |    17 |     7 ||    24
       Tentacles         |     8 |     3 ||    11
  Use: Potion            |       |     1 ||     1
 Stab: Sleeping          |     7 |     1 ||     8
Armor: Skin              |     3 |     5 ||     8
Dodge: Dodged            |    23 |    22 ||    45
Block: Kite shield       |    14 |       ||    14
       Buckler           |     1 |    14 ||    15

Table legend: (Time is in decaauts)
 A = Elapsed time spent in this place.
 B = Non-inter-level travel time spent in this place.
 C = Inter-level travel time spent in this place.
 D = Time resting spent in this place.
 E = Time spent auto-exploring this place.
 F = Levels seen in this place.
 G = Mean time per level.
                   A        B        C        D        E       F      G
               +--------+--------+--------+--------+--------+-----+--------+
         Total |   2130 |   1921 |    209 |      0 |   1576 |   3 |  710.0 |
       Dungeon |   2130 |   1921 |    209 |      0 |   1576 |   3 |  710.0 |
               +--------+--------+--------+--------+--------+-----+--------+

Top non-repeatable levels by time:
     D:2: 897 daAuts
     D:1: 804 daAuts
     D:3: 428 daAuts
